 Dungeon Crawl Stone Soup version 0.31.0-4-g52a2dc7128 (webtiles) character file.

Game seed: 2532997339367578974

63 libraryen the Ruffian (level 3, -1/33 HPs)
             Began as a Minotaur Berserker on Jan 18, 2024.
             Was a Believer of Trog.
             Slain by a gnoll
             ... wielding a +0 spear
              (2 damage)
             ... on level 3 of the Dungeon on Jan 21, 2024.
             The game lasted 00:17:12 (1536 turns).

libraryen the Ruffian (Minotaur Berserker)          Turns: 1536, Time: 00:17:12

Health: -1/33      AC:  3    Str: 23    XL:     3   Next: 89%
Magic:  2/2        EV: 12    Int:  4    God:    Trog [**....]
Gold:   86         SH:  0    Dex:  9    Spells: 2/2 levels left

rFire   . .          .
                       - Unarmed
rCold   . . .        (no shield)
rNeg    . . .        g - +0 leather armour
rPois   .            (helmet restricted)
rElec   .            (no cloak)
rCorr   .            (no gloves)
SInv    .            (no boots)
Will    .....        (no amulet)
Stlth   +            (no ring)
HPRegen 0.25/turn    (no ring)
MPRegen 0.08/turn

%: no passive effects
@: brilliant, on berserk cooldown, slowed, very slow
A: horns 2, retaliatory headbutt
a: Renounce Religion, Berserk, Trog's Hand


You were on level 3 of the Dungeon.
You worshipped Trog.
Trog was pleased with you.
You visited 1 branch of the dungeon, and saw 3 of its levels.

You collected 86 gold pieces.

Inventory:

Missiles
 i - 17 stones (quivered)
 l - 5 boomerangs
Armour
 a - a +0 animal skin
 g - a +0 leather armour (worn)
Scrolls
 d - a scroll of butterflies {unknown}
 e - a scroll of immolation {unknown}
 k - a scroll of amnesia {unknown}
 m - a scroll of poison {unknown}
Potions
 b - a potion of berserk rage
 f - a potion of brilliance
 h - 2 potions of lignification {unknown}
 j - a potion of mutation {unknown}


   Skills:
 + Level 4.0 Fighting
 + Level 2.7 Armour
 + Level 2.6 Dodging
 + Level 0.2 Stealth
 + Level 4.6 Unarmed Combat


You had 2 spell levels left.
You didn't know any spells.
Your spell library was empty.

Dungeon Overview and Level Annotations

Branches:
Dungeon (3/15)

Altars:

Annotations:
D:1 this is an annotation for the level


Innate Abilities, Weirdness & Mutations

You have a pair of horns on your head.
You reflexively headbutt those who attack you in melee.


Message History

You feel yourself moving faster!
You feel mighty!
You feel a strong urge to attack something.
You feel your anger nearly subside.
You are no longer berserk.
You are exhausted.
You feel yourself slow down.
It was a potion of curing.
You feel better.
Okay, then.
There is a stone staircase leading down here.
You climb downwards.
The gnoll hits you with a +0 club! The gnoll hits you with a +0 club.
The gnoll barely misses you.
There is a stone staircase leading up here.
You barely miss the gnoll. Your headbutt misses the gnoll.
The gnoll hits you with a +0 club.
You punch the gnoll! You headbutt the gnoll.
You kill the gnoll!
Trog accepts your kill.
Things that are here:
a +0 club; a gnoll corpse The gnoll hits you from afar with a +0 spear!
* * * LOW HITPOINT WARNING * * *
The gnoll barely misses you. The gnoll attacks as it pursues you!
The gnoll hits you from afar with a +0 spear.
* * * LOW HITPOINT WARNING * * *
The gnoll completely misses you. The gnoll attacks as it pursues you!
The gnoll hits you from afar with a +0 spear.
* * * LOW HITPOINT WARNING * * *
The gnoll hits you from afar with a +0 spear.
* * * LOW HITPOINT WARNING * * *
The gnoll closely misses you.
Things that are here:
a +0 club; a gnoll corpse It was a potion of brilliance.
You feel clever all of a sudden.
The gnoll hits you from afar with a +0 spear.
* * * LOW HITPOINT WARNING * * *
The gnoll hits you from afar with a +0 spear.
You die...

#. #.. # ... #.
..#
###.+########+..##
#................#
...........<.....#
.........g.@.....#
.........g......##
..........##...##
........†## ####
$........#
........##
.^......#
.........
.........


You could see 2 gnolls.

Vanquished Creatures
  A gnoll (D:3)
  A dart slug (D:2)
  An orc (D:2)
  3 bats
  7 endoplasms
  5 giant cockroaches
  8 goblins
  4 hobgoblins
  A quokka (D:2)
  4 ball pythons
  2 frilled lizards
  5 kobolds
  4 rats (D:1)
46 creatures vanquished.

Notes
Turn   | Place    | Note
-------+----------+-------------------------------------------
     0 | D:1      | libraryen the Minotaur Berserker began the quest for the
                  | Orb.
     0 | D:1      | Reached XP level 1. HP: 19/19 MP: 0/0
    97 | D:1      | Note
   245 | D:1      | Reached XP level 2. HP: 24/27 MP: 1/1
   406 | D:1      | Reached ** piety under Trog
   615 | D:1      | Reached XP level 3. HP: 33/33 MP: 2/2
   896 | D:1      | Upgraded the game from 0.31-b1-20-g67cafac56d to
                  | 0.31-b1-22-gc680215f68
  1112 | D:2      | Upgraded the game from 0.31-b1-22-gc680215f68 to 0.31.0
  1112 | D:2      | Upgraded the game from 0.31.0 to 0.31.0-2-g5a2aebc5c2
  1112 | D:2      | Upgraded the game from 0.31.0-2-g5a2aebc5c2 to
                  | 0.31.0-4-g52a2dc7128
  1463 | D:2      | HP: 1/33 [frilled lizard (2)]
  1536 | D:3      | HP: 1/33 [gnoll/+0 spear (2)]
  1536 | D:3      | Slain by a gnoll

Illustrated notes

..P...P.~#
#.#
#######.#
~~~♣.♣~~~#
#.#
#.......#
####.#####
##.##
#.#######
..# #...#
#.# #...#
#.# #...#
#.#
###)####.#
#........#
#@#.######
........#.#
.r...####.#
.... ..#
... ### #.
#


Turn 97 on D:1: Note

Levels and vault maps discovered:
D:1:      ldierk_walled_garden, layout_loops_ring
D:2:      layout_rooms
D:3:      layout_rooms, tgw_trog, minivault_11

Skill      XL: |  1  2  3 |
---------------+----------+-----
Unarmed Combat | 4 |  4.6
Fighting       | 4 |  4.0
Armour         | |  2.7
Dodging        | |  2.6
Stealth        | |  0.2

Action                     || total
---------------------------++-------
  Melee: Unarmed           ||   100
         Headbutt          ||    16
  Throw: Stone             ||     1
    Use: Potion            ||     3
 Armour: Animal skin       ||    26
         Leather armour    ||    47
  Dodge: Dodged            ||    54
